 Dungeon Crawl Stone Soup version 0.26-a0-835-g8259106e14 (webtiles) character file.

Game seed: 8591015580450988491

1682 robertstho the Grappler (level 8, -4/79 HPs)
             Began as a Troll Delver on Nov 17, 2020.
             Slain by a two-headed ogre
             ... wielding a +0 giant club
              (17 damage)
             ... on level 8 of the Dungeon.
             The game lasted 00:05:18 (1959 turns).

robertstho the Grappler (Troll Delver)              Turns: 1959, Time: 00:05:18

Health: -4/79      AC:  6    Str: 23    XL:     8   Next: 71%
Magic:  7/7        EV: 11    Int:  6    God:
Gold:   95         SH:  0    Dex: 11    Spells: 7/7 levels left

rFire    . . .     SeeInvis .     - Unarmed
rCold    . . .     Faith    .   (no shield)
rNeg     . . .     Spirit   .   a - +0 robe
rPois    .         Reflect  .   (helmet restricted)
rElec    .         Harm     .   (no cloak)
rCorr    .         Rampage  .   (gloves unavailable)
MR       .....                  (boots unavailable)
Stlth    ++........             (no amulet)
HPRegen  0.63/turn              (no ring)
MPRegen  0.10/turn              (no ring)

@: no status effects
A: large, unfitting armour, claws 3, regeneration 1, shaggy fur 1, tough skin 3
a: no special abilities


You were on level 8 of the Dungeon.
You visited 1 branch of the dungeon, and saw 7 of its levels.

You collected 95 gold pieces.

Inventory:

Armour
 a - a +0 robe (worn)
Jewellery
 k - a +4 ring of protection
Wands
 f - a wand of digging (3)
 p - a wand of disintegration (18)
Scrolls
 b - 3 scrolls of fog
 c - 2 scrolls of magic mapping
 d - a scroll of fear
 e - 2 scrolls of teleportation {unknown}
 g - a scroll of blinking {unknown}
 h - 2 scrolls of amnesia {unknown}
 i - 2 scrolls of enchant weapon {unknown}
 o - a scroll of enchant armour {unknown}
 q - a scroll of holy word {unknown}
Potions
 j - a potion of flight {unknown}
 m - a potion of heal wounds {unknown}
 n - a potion of berserk rage {unknown}


   Skills:
 * Level 4.3 Fighting
 + Level 3.4 Dodging
 + Level 4.0 Stealth
 * Level 8.6 Unarmed Combat


You had 7 spell levels left.
You didn't know any spells.
Your spell library was empty.

Dungeon Overview and Level Annotations

Branches:
Dungeon (11/15)
 Temple: D:4-7         Lair: D:8-11         Orc: D:9-12

Altars:
Dithmenos
Makhleb
Ru
Sif Muna
The Shining One


Innate Abilities, Weirdness & Mutations

You are too large for most types of armour.
You have claws for hands.
Your natural rate of healing is unusually fast.
You are covered in fur. (AC +1)
You have extremely tough skin. (AC +3)


Message History

You are too injured to fight recklessly!
You are too injured to fight recklessly!
You are too injured to fight recklessly!
You are too injured to fight recklessly!
You are too injured to fight recklessly!
You are too injured to fight recklessly!
Evoke which item? (* to show all) (? for menu, Esc to quit)
Aiming: Enslavement
Press: ? - help, Shift-Dir - straight line, f - two-headed ogre
Aim: a two-headed ogre, wielding two +0 giant clubs (moderately wounded, chance to defeat MR: 28%)
The two-headed ogre easily resists.
Evoke which item? (* to show all) (? for menu, Esc to quit)
Aiming: Enslavement
Press: ? - help, Shift-Dir - straight line, f/p - two-headed ogre
Aim: a two-headed ogre, wielding two +0 giant clubs (moderately wounded, chance to defeat MR: 28%)
The two-headed ogre easily resists.
The now-empty wand crumbles to dust.
The two-headed ogre hits you with a +0 giant club!
* * * LOW HITPOINT WARNING * * *
The two-headed ogre hits you with a +0 giant club!
You die...

##### ####
##############...# #...
...............#.# #.##
##+####.##.....#.# #.#
#. #.##.##..#.# #.# #..
#.##.###.#.# #.# +...
#.##.# #...# #.#
#...>##....# #...# #.#
#....O@.#### #..####.#
#.......# #..##...#
#.....$.# #..##.###
##############.....####
...............
########.###### #.## #
#..# # ##.# #


You could see a two-headed ogre.

Vanquished Creatures
  A troll (D:10)
  A wyvern (D:10)
  A fire bat (D:10)
  2 water moccasins
  An ice beast (D:5)
  An orc warrior (D:11)
  2 phantoms
  A bullfrog (D:10)
  A scorpion (D:4)
  2 jellies
  A centaur zombie (D:5)
  A hound (D:8)
  2 orc priests
  A bullfrog skeleton (D:10)
  3 orc wizards
  5 worker ants
  3 adders
  A shadow imp (D:9)
  A white imp (D:5)
  An ufetubus (D:7)
  A leopard gecko (D:5)
  16 orcs
  A giant cockroach (D:4)
  3 goblins (D:9)
  2 jackals (D:5)
  A quokka (D:5)
  A giant cockroach zombie (D:5)
57 creatures vanquished.

Notes
Turn   | Place    | Note
-------+----------+-------------------------------------------
     0 | D:5      | robertstho the Troll Delver began the quest for the Orb.
     0 | D:5      | Reached XP level 1. HP: 22/22 MP: 0/0
    17 | D:5      | Noticed a worker ant
    29 | D:5      | Killed a worker ant
    30 | D:5      | Reached XP level 2. HP: 7/29 MP: 1/1
    37 | D:5      | Reached XP level 3. HP: 3/36 MP: 2/2
    43 | D:5      | HP: 1/36 [poisoned by a worker ant]
   163 | D:5      | Reached XP level 4. HP: 27/44 MP: 3/3
   215 | D:5      | Noticed a phantom
   275 | D:5      | Killed a phantom
   276 | D:5      | Reached skill level 3 in Unarmed Combat
   276 | D:5      | Reached XP level 5. HP: 28/53 MP: 4/4
   496 | D:5      | Noticed an ice beast
   505 | D:5      | Killed an ice beast
   665 | D:5      | Found a sacrificial altar of Ru.
   729 | D:5      | Found a shimmering blue altar of Sif Muna.
   772 | D:4      | Reached XP level 6. HP: 44/61 MP: 5/5
   779 | D:4      | Reached skill level 4 in Unarmed Combat
   848 | D:4      | Found a burning altar of Makhleb.
   869 | D:4      | You fall into a shaft and drop 3 floors!
   872 | D:7      | Noticed a water moccasin
   886 | D:7      | Killed a water moccasin
   962 | D:7      | Found a glowing golden altar of the Shining One.
   970 | D:7      | Found a shadowy altar of Dithmenos.
   999 | D:7      | You fall into a shaft and drop 2 floors!
  1019 | D:9      | You fall into a shaft and drop 2 floors!
  1032 | D:11     | Reached skill level 5 in Unarmed Combat
  1073 | D:11     | Noticed an orc warrior
  1073 | D:11     | Noticed a water moccasin
  1086 | D:11     | Reached XP level 7. HP: 67/67 MP: 6/6
  1231 | D:11     | Noticed a four-headed hydra
  1260 | D:10     | Entered Level 10 of the Dungeon
  1264 | D:10     | Reached skill level 6 in Unarmed Combat
  1279 | D:10     | Noticed a wyvern
  1291 | D:10     | Killed a wyvern
  1409 | D:10     | Noticed a troll
  1425 | D:10     | Reached XP level 8. HP: 78/78 MP: 7/7
  1428 | D:10     | Killed a troll
  1429 | D:10     | Reached skill level 7 in Unarmed Combat
  1611 | D:10     | Reached skill level 8 in Unarmed Combat
  1951 | D:8      | Noticed a two-headed ogre
  1959 | D:8      | Slain by a two-headed ogre

Illustrated notes

Levels and vault maps discovered:
D:4:      layout_basic, bloody_makhleb, gammafunk_ghost_stat_death, uniq_robin
D:5:      layout_rooms, basic_altar, chequers_garden, tgw_sif
D:7:      layout_loops_ring, general_overflow_altar, overflow_temple_1_default,
          basic_altar, kennysheep_generic_room_5, uniq_pikel, uniq_joseph
D:8:      layout_basic, trog_ov_bears_minmay, serial_shops, nicolae_shop_trees
D:9:      corexii_shack_village, layout_irregular_city,
          gammafunk_temple_overflow_claw
D:10:     layout_basic, grunt_lair_entry_orc_guard_hut, hangedman_incinerator
D:11:     layout_stronghold

Skill      XL: |  1  2  3  4  5  6  7  8 |
---------------+-------------------------+-----
Stealth        | 3 4 |  4.0
Fighting       | 3 4 |  4.3
Unarmed Combat | 3 5 6 8 |  8.6
Dodging        | 2 3 |  3.4

Action                   |  1- 3 |  4- 6 |  7- 9 || total
-------------------------+-------+-------+-------++-------
Melee: Unarmed           |    30 |    86 |   117 ||   233
       Punch             |       |     3 |     5 ||     8
Evoke: Wand              |       |       |     2 ||     2
  Use: Potion            |     1 |       |     2 ||     3
 Stab: Sleeping          |       |     1 |     2 ||     3
Armor: Robe              |    12 |    28 |    30 ||    70
       Skin              |       |       |     7 ||     7
Dodge: Dodged            |    10 |    33 |    46 ||    89

Table legend: (Time is in decaauts)
 A = Elapsed time spent in this place.
 B = Non-inter-level travel time spent in this place.
 C = Inter-level travel time spent in this place.
 D = Time resting spent in this place.
 E = Time spent auto-exploring this place.
 F = Levels seen in this place.
 G = Mean time per level.
                   A        B        C        D        E       F      G
               +--------+--------+--------+--------+--------+-----+--------+
         Total |   1920 |   1899 |     21 |    434 |    854 |   7 |  274.3 |
       Dungeon |   1920 |   1899 |     21 |    434 |    854 |   7 |  274.3 |
               +--------+--------+--------+--------+--------+-----+--------+

Top non-repeatable levels by time:
     D:5: 746 daAuts
    D:10: 408 daAuts
    D:11: 238 daAuts
     D:9: 161 daAuts
     D:8: 133 daAuts
     D:7: 127 daAuts
     D:4: 104 daAuts
